 Dungeon Crawl Stone Soup version 0.22-a0-877-g5c4e1af (webtiles) character file.

11238 Goblin1989 the Cleaver (level 11, -3/87 HPs)
             Began as a Demonspawn Warper on July 29, 2018.
             Was a High Priest of Okawaru.
             Slain by a skeletal warrior
             ... wielding a +0 mace
             ... led by a death knight
              (18 damage)
             ... on level 11 of the Dungeon on July 30, 2018.
             The game lasted 00:54:21 (15764 turns).

Goblin1989 the Cleaver (Demonspawn Warper)         Turns: 15764, Time: 00:54:22

Health: -3/87      AC:  8    Str: 15    XL:     11   Next: 46%
Magic:  0/14       EV: 14    Int: 15    God:    Okawaru [*****.]
Gold:   398        SH: 10    Dex: 12    Spells: 11/14 levels left

rFire    . . .     SeeInvis .   a - +5 war axe
rCold    . . .     Gourm    .   E - +0 shield
rNeg     + . .     Faith    .   V - +0 ring mail {rPois}
rPois    +         Spirit   +   (no helmet)
rElec    .         Reflect  .   q - +0 cloak
rCorr    .         Harm     .   (no gloves)
MR       .....                  C - +0 pair of boots
Stlth    +.........             (no amulet)
HPRegen  0.24/turn              (no ring)
MPRegen  0.28/turn              (no ring)

@: no status effects
A: hooves 1, repulsion field 2, negative energy resistance 1, magic shield,
magic regeneration, magic link
a: Heroism, Finesse, Renounce Religion


You were on level 11 of the Dungeon.
You worshipped Okawaru.
Okawaru was extremely pleased with you.
You were not hungry.

You visited 1 branch of the dungeon, and saw 11 of its levels.
You also visited: Ice Cave.

You collected 579 gold pieces.
You spent 181 gold pieces at shops.

Inventory:

Hand Weapons
 a - a +5 war axe (weapon)
 b - a +1 whip of flaming
 r - a +1 dagger of chaos
 w - a +0 blowgun {@w1}
 y - the +4 dagger "Dixadd" {drain, Str+4}
   (You found it on level 6 of the Dungeon)

   A truly terrible weapon, it drains the life of those it strikes.
   It affects your strength (+4).
 D - a cursed +2 battleaxe of venom
 M - a +7 executioner's axe of chopping
 O - a +0 short sword of venom
Missiles
 m - 5 javelins (quivered) {@Q2}
 u - 5 tomahawks of returning
 N - 268 stones {@Q3}
 P - 65 bolts
 R - 3 curare-tipped needles
 S - 2 tomahawks
Armour
 l - a +0 troll leather armour
 q - a +0 cloak (worn)
 C - a +0 pair of boots (worn)
 E - a +0 shield (worn)
 U - a +2 scale mail of magic resistance
 V - a +0 ring mail of poison resistance (worn)
Wands
 s - a wand of polymorph (16)
 t - a wand of iceblast (20) {@v4}
 G - a wand of acid (11) {@v2}
 K - a wand of clouds (2) {@v3}
Scrolls
 z - a scroll of amnesia
 B - 3 scrolls of blinking
 I - 2 scrolls of immolation
 L - 2 scrolls of fear
 Q - 4 scrolls of remove curse {@r3}
 T - 6 scrolls of teleportation {!r, @r2}
 W - 2 scrolls of enchant armour
Potions
 v - 3 potions of mutation {!q}
 x - a potion of might {@q4}
 A - 2 potions of flight
 F - a potion of agility {@q5}
 H - a potion of lignification
 X - 2 potions of cancellation
 Y - 4 potions of curing {@q1}
 Z - 3 potions of haste {@q3,}
Comestibles
 e - 11 rations


   Skills:
 + Level 8.3 Fighting
 * Level 10.6 Axes
 - Level 0.8 Throwing
 - Level 6.0 Armour
 + Level 4.5 Dodging
 + Level 7.2 Shields
 - Level 2.0 Spellcasting
 - Level 2.6 Translocations
 - Level 3.0 Invocations
 + Level 2.6 Evocations


You had 11 spell levels left.
You knew the following spells:

 Your Spells              Type           Power        Failure   Level  Hunger
d - Blink                 Tloc           N/A          50%         2    ###....
o - Apportation           Tloc           #.....       36%         1    #......

Your spell library contained the following spells:

 Spells                   Type           Power        Failure   Level  Hunger
 Teleport Other           Tloc           #.......     73%         3    ###....
 Summon Small Mammal      Summ           #...         73%         1    #......
 Animate Skeleton         Necr           N/A          73%         1    #......
 Stone Arrow              Conj/Erth      #.....       97%         3    ###....
 Confusing Touch          Hex            #.....       73%         1    #......
 Passwall                 Tmut/Erth      #.......     86%         2    ###....
 Lee's Rapid Deconstruct  Erth           #.........   100%        5    ######.
 Sandblast                Erth           #.....       73%         1    #......
 Petrify                  Tmut/Erth      #.......     100%        4    #####..
 Passage of Golubria      Tloc           N/A          98%         4    #####..
 Shroud of Golubria       Chrm/Tloc      #.........   67%         2    ###....
 Gell's Gravitas          Tloc           #.........   73%         3    ###....
 Lesser Beckoning         Tloc           #.........   73%         3    ###....


Dungeon Overview and Level Annotations

Branches:
Dungeon (11/15)            Temple (0/1) D:5            Lair (0/6) D:10
    Orc: D:9-12

Altars:
Ashenzari
Cheibriados
Dithmenos
Elyvilon
Kikubaaqudgha
Nemelex Xobeh
Okawaru
Qazlal
Sif Muna
Uskayaw
Vehumet
Wu Jian
Xom
Yredelemnul
The Shining One

Shops:
D:6 ?   D:8 :

Annotations:
D:2 Natasha
D:5 Eustachio
D:7 exclusion: statue


Innate Abilities, Weirdness & Mutations

You have large cloven feet.
You are surrounded by a moderate repulsion field. (EV +3)
You resist negative energy. (rN+)
When hurt, damage is shared between your health and your magic reserves.
You regenerate magic rapidly.
When low on magic, you restore magic in place of health.


Message History

The phantasmal warrior is lightly damaged.
You barely miss the skeletal warrior.
Unknown command.
You barely miss the phantasmal warrior.
The phantasmal warrior is lightly damaged.
You closely miss the skeletal warrior.
Unknown command.
You hit the phantasmal warrior.
The phantasmal warrior is moderately damaged.
You slash the skeletal warrior!
The phantasmal warrior barely misses you.
The skeletal warrior misses you.
Unknown command.
You hit the phantasmal warrior.
The phantasmal warrior is moderately damaged.
You hit the skeletal warrior.
Unknown command.
You slash the phantasmal warrior!
The phantasmal warrior is heavily damaged.
You hit the skeletal warrior.
Unknown command.
You closely miss the phantasmal warrior.
The phantasmal warrior is heavily damaged.
You slash the skeletal warrior!
The phantasmal warrior barely misses you.
You block the skeletal warrior's attack.
Unknown command.
You barely miss the phantasmal warrior.
The phantasmal warrior is heavily damaged.
You slash the skeletal warrior!
Unknown command.
You hit the phantasmal warrior but do no damage.
The phantasmal warrior is heavily damaged.
You slash the skeletal warrior! The phantasmal warrior misses you.
Unknown command.
You barely miss the phantasmal warrior.
The phantasmal warrior is heavily damaged.
You hit the skeletal warrior.
The skeletal warrior hits you but does no damage.
Unknown command.
You hit the phantasmal warrior but do no damage.
The phantasmal warrior is heavily damaged.
You hit the skeletal warrior but do no damage.
Unknown command.
You hit the phantasmal warrior.
The phantasmal warrior is severely damaged.
You hit the skeletal warrior but do no damage.
You block the phantasmal warrior's attack.
Unknown command.
You hit the phantasmal warrior.
The phantasmal warrior is severely damaged.
You hit the skeletal warrior.
The skeletal warrior hits you but does no damage.
Unknown command.
You hit the phantasmal warrior but do no damage.
The phantasmal warrior is severely damaged.
You hit the skeletal warrior but do no damage.
You block the phantasmal warrior's attack.
Unknown command.
You slash the phantasmal warrior!
The phantasmal warrior is almost destroyed.
You hit the skeletal warrior but do no damage.
You feel like a meek peon again.
Your hands slow down.
Unknown command.
You hit the phantasmal warrior.
You destroy the phantasmal warrior!
Okawaru accepts your kill.
You hit the skeletal warrior.
The skeletal warrior hits you but does no damage.
Unknown command.
You hit the skeletal warrior.
The skeletal warrior is severely damaged.
The skeletal warrior hits you with a mace!
* * * LOW HITPOINT WARNING * * *
You take 7 damage, and have 30/87 hp.
You now have 7/14 mp.
Unknown command.
You barely miss the skeletal warrior.
The skeletal warrior is severely damaged.
A troll comes into view.
You block the skeletal warrior's attack.
The troll moves out of view.
Unknown command.
You hit the skeletal warrior.
The skeletal warrior is severely damaged.
The skeletal warrior hits you with a mace!!
* * * LOW HITPOINT WARNING * * *
You hear a shout!
You take 15 damage, and have 15/87 hp.
You now have 4/14 mp.
Unknown command.
You hit the skeletal warrior but do no damage.
The skeletal warrior is severely damaged.
Unknown command.
You hit the skeletal warrior but do no damage.
The skeletal warrior is severely damaged.
The skeletal warrior barely misses you.
Unknown command.
You slash the skeletal warrior!
The skeletal warrior is almost destroyed.
The skeletal warrior hits you with a mace!!
You die...

...........................█
..<........................█
██.................█████████
...........................█
...........................█
......██████████.███████████
...(..█ █.█ (.....█ █†█
......█ █@█
......█▓▓▓██████z████████▓▓▓
████...........ZzW.......··▓
···▓............T........··▓
···▓█████...█████..██..██▓▓▓
∆▓▓▓·····..·····....··.?.··▓
···▓············.....·∩·.··▓
···▲··▓▓·······......(·····▓
▓▓▓▓·▓▓▓·······.W.█████▓▓▓▓▓


You could see 2 skeletal warriors, a troll, a wraith and a bullfrog zombie.

Vanquished Creatures
  A death knight (D:11)
  Pikel (D:4)
  A phantasmal warrior (D:11)
  A cyclops (D:11)
  An ugly thing (IceCv)
  Psyche (D:8)
  2 gargoyles
  2 ice devils (D:11)
  A troll (D:10)
  A hornet (D:7)
  Prince Ribbit (D:8)
  A hippogriff (D:8)
  Grum (D:8)
  3 water moccasins
  A soldier ant (D:11)
  2 black bears (D:7)
  4 phantoms
  7 ice beasts
  2 slaves (D:4)
  A sky beast (D:6)
  2 hornet zombies
  4 wolves (D:8)
  5 ogres
  5 centaurs
  Blork the orc (D:4)
  5 bullfrogs
  2 scorpions
  8 wights
  5 killer bees (D:8)
  3 howler monkeys
  A crimson imp (D:10)
  2 centaur zombies (D:10)
  A bullfrog zombie (D:7)
  A quasit (D:6)
  2 jellies (D:7)
  2 hounds
  A gnoll shaman (D:9)
  5 orc priests
  2 bullfrog skeletons
  4 centaur skeletons
  14 orc wizards
  2 iguanas
  Ijyb (D:4)
  Natasha (twice) (D:2)
  16 worker ants
  Terence (D:2)
  A killer bee zombie (D:5)
  A hound skeleton (D:7)
  A howler monkey zombie (D:5)
  A worker ant zombie (D:7)
  3 gnolls (D:9)
  13 adders
  2 shadow imps
  An ooze (D:7)
  An adder zombie (D:5)
  An adder skeleton (D:9)
  2 worms (D:2)
  5 leopard geckos
  28 orcs
  4 ball pythons
  A giant cockroach (D:6)
  4 hobgoblins (D:2)
  3 jackals
  5 quokkas
  9 bats
  3 frilled lizards (D:1)
  10 goblins
  7 kobolds
  A leopard gecko skeleton (D:4)
  A leopard gecko zombie (D:7)
  10 rats
250 creatures vanquished.

Vanquished Creatures (others)
  A slave (D:5)
1 creature vanquished.

Grand Total: 251 creatures vanquished

Notes
Turn   | Place    | Note
-------+----------+-------------------------------------------
     0 | D:1      | Goblin1989 the Demonspawn Warper began the quest for the Orb.
     0 | D:1      | Reached XP level 1. HP: 16/16 MP: 3/3
     0 | D:1      | Goblin1989: !greatrace ds .
     0 | D:1      | XtahuaRules: Unwon demonspawns for Goblin1989: DsAE, DsCj, DsCK, DsEE, DsIE, DsNe, DsSu, DsTm, DsVM, DsWr, DsWz
    13 | D:1      | Reached skill level 2 in Axes
   642 | D:1      | Gained mutation: When hurt, damage is shared between your health and your magic reserves. [demonic ancestry]
   642 | D:1      | Reached XP level 2. HP: 22/22 MP: 5/5
   778 | D:1      | Reached skill level 1 in Armour
  1795 | D:2      | Reached XP level 3. HP: 26/27 MP: 3/6
  1838 | D:2      | Found a basalt altar of Yredelemnul.
  1983 | D:2      | Noticed Terence
  2000 | D:2      | Killed Terence
  2000 | D:2      | Reached skill level 1 in Shields
  2271 | D:2      | Noticed Natasha
  2288 | D:2      | HP: 1/28 [Natasha/magic dart (5)]
  2299 | D:2      | Killed Natasha
  2299 | D:2      | Reached skill level 3 in Axes
  2299 | D:2      | Gained mutation: You are surrounded by a mild repulsion field. (EV +2) [demonic ancestry]
  2299 | D:2      | Reached XP level 4. HP: 22/34 MP: 1/7
  2320 | D:2      | Noticed Natasha
  2348 | D:2      | Killed Natasha
  2432 | D:2      | Noticed Natasha
  2601 | D:2      | Found an iron altar of Okawaru.
  2612 | D:2      | Became a worshipper of Warmaster Okawaru
  3048 | D:2      | Found a snail-covered altar of Cheibriados.
  3057 | D:2      | Found an ancient bone altar of Kikubaaqudgha.
  3057 | D:2      | Found a white marble altar of Elyvilon.
  3319 | D:3      | Found a shadowy altar of Dithmenos.
  3352 | D:3      | Gained mutation: You have large cloven feet. [demonic ancestry]
  3352 | D:3      | Reached XP level 5. HP: 40/40 MP: 8/8
  4039 | D:4      | Noticed a centaur
  4046 | D:4      | Killed a centaur
  4313 | D:4      | Reached skill level 4 in Axes
  4313 | D:4      | Gained mutation: You regenerate magic rapidly. [demonic ancestry]
  4313 | D:4      | Reached XP level 6. HP: 18/47 MP: 3/9
  5674 | D:4      | Found a stormy altar of Qazlal.
  5691 | D:4      | Noticed Ijyb
  6098 | D:4      | Killed Ijyb
  6098 | D:4      | Gained mutation: When low on magic, you restore magic in place of health. [demonic ancestry]
  6098 | D:4      | Reached XP level 7. HP: 39/53 MP: 8/10
  6268 | D:4      | Noticed Blork the orc
  6307 | D:4      | Killed Blork the orc
  6346 | D:4      | Reached skill level 5 in Axes
  6510 | D:4      | Found a deep blue altar of Sif Muna.
  6635 | D:4      | Learned a level 2 spell: Blink
  6642 | D:4      | Reached * piety under Okawaru
  6859 | D:5      | Entered Level 5 of the Dungeon
  6882 | D:5      | Noticed Pikel
  7067 | D:5      | Noticed Eustachio
  7403 | D:4      | Killed Pikel
  7403 | D:4      | Reached ** piety under Okawaru
  7403 | D:4      | Reached skill level 6 in Axes
  7403 | D:4      | Gained mutation: You are surrounded by a moderate repulsion field. (EV +3) [demonic ancestry]
  7403 | D:4      | Reached XP level 8. HP: 24/61 MP: 11/11
  7866 | D:5      | Reached skill level 5 in Fighting
  8404 | D:5      | Found a staircase to the Ecumenical Temple.
  8888 | D:6      | Found Lymin's Magic Scroll Shop.
  8910 | D:6      | Reached XP level 9. HP: 38/68 MP: 9/12
  9077 | D:6      | Bought a scroll of identify for 22 gold pieces
  9077 | D:6      | Bought a scroll of fear for 38 gold pieces
  9077 | D:6      | Bought a scroll of identify for 22 gold pieces
  9077 | D:6      | Bought a scroll of identify for 22 gold pieces
  9077 | D:6      | Bought a scroll of identify for 22 gold pieces
  9077 | D:6      | Bought a scroll of identify for 22 gold pieces
  9077 | D:6      | Bought a scroll of remove curse for 33 gold pieces
  9118 | D:6      | Reached skill level 7 in Axes
  9144 | D:6      | Reached *** piety under Okawaru
  9238 | D:6      | Got a polished dagger
  9268 | D:6      | Identified the +4 dagger "Dixadd" {drain, Str+4} (You found it on level 6 of the Dungeon)
  9751 | D:7      | Reached skill level 5 in Shields
  9805 | D:7      | Reached skill level 8 in Axes
  9816 | D:7      | Reached skill level 5 in Armour
 10204 | D:7      | Learned a level 1 spell: Apportation
 10439 | D:7      | Found a radiant altar of Vehumet.
 10548 | D:7      | Found a hide-covered altar of Uskayaw.
 10586 | D:7      | Found an ornate altar of the Wu Jian Council.
 10753 | D:7      | Reached **** piety under Okawaru
 10777 | D:7      | Found a glowing golden altar of the Shining One.
 10822 | D:7      | Found a shimmering altar of Xom.
 10832 | D:8      | Found a sparkling altar of Nemelex Xobeh.
 10841 | D:8      | Reached XP level 10. HP: 71/77 MP: 10/13
 11041 | D:8      | Found Gaky's Book Shop.
 11304 | D:8      | Found a shadowy altar of Dithmenos.
 11443 | D:8      | Noticed Prince Ribbit
 11454 | D:8      | Noticed Psyche
 11455 | D:8      | Killed Prince Ribbit
 11474 | D:8      | Killed Psyche
 11474 | D:8      | Reached skill level 9 in Axes
 11706 | D:8      | Noticed Grum
 11724 | D:8      | Killed Grum
 12282 | D:9      | Found a shattered altar of Ashenzari.
 13175 | D:10     | Entered Level 10 of the Dungeon
 13296 | D:10     | Noticed a gargoyle
 13316 | D:10     | Killed a gargoyle
 13561 | D:10     | Found a staircase to the Lair.
 13748 | D:10     | Reached ***** piety under Okawaru
 14189 | D:11     | Identified a scroll of acquirement
 14240 | D:11     | Noticed a gargoyle
 14248 | D:11     | Killed a gargoyle
 14261 | D:11     | Found a frozen archway.
 14274 | D:11     | Reached skill level 10 in Axes
 14274 | D:11     | Gained mutation: You resist negative energy. (rN+) [demonic ancestry]
 14274 | D:11     | Reached XP level 11. HP: 18/86 MP: 3/14
 14569 | IceCv    | Entered an ice cave
 14569 | IceCv    | Noticed a white ugly thing
 14578 | IceCv    | Reached skill level 1 in Evocations
 14584 | IceCv    | Received a gift from Okawaru
 14592 | IceCv    | Killed a white ugly thing
 15016 | IceCv    | Found a transporter.
 15702 | D:11     | Noticed a death knight
 15702 | D:11     | Noticed a phantasmal warrior
 15702 | D:11     | Noticed a skeletal warrior
 15725 | D:11     | Noticed a skeletal warrior
 15739 | D:11     | Killed a death knight
 15758 | D:11     | Killed a phantasmal warrior
 15764 | D:11     | Slain by a skeletal warrior

Vault maps used:
D:1:      sevenhm_arrival_forest_fort_large_4, kennysheep_crisscross
D:2:      minitemple, lemuel_doored_altar, okawaru_ov_weapons_minmay,
          uniq_terence, uniq_natasha
D:3:      old_standard_altar, serial_bayou, serial_bayou_lagoon_a,
          serial_bayou_pond_a, serial_bayou_lagoon_b, serial_bayou_pond_a
D:4:      cheibrodos_barr_body, led_sif_book, nicolae_qazlal_eye_of_the_storm,
          uniq_ijyb, uniq_blork_the_orc
D:5:      minmay_temple_entry_hall, first_ration, minmay_misc_feat_columns,
          uniq_eustachio, uniq_pikel
D:6:      serial_shops, shop_scrolls, item_on_display_a
D:7:      vehumet_statue, kennysheep_mini, kennysheep_mini_moat,
          lemuel_coloured_pillars_altar, nicolae_overflow_hidden_temple
D:8:      old_standard_altar, serial_glass, glass_columns_a, glass_columns_a,
          glass_columns_a, glass_columns_c, serial_shops,
          nicolae_shop_behind_doors, nicolae_dithmenos_shadow_blocks,
          uniq_prince_ribbit1, uniq_grum, uniq_psyche
D:9:      evilmike_ruin_ashenzari, minmay_strange_pillars
D:10:     lair_entry_dummy
D:11:     portal_ice_cave_demonic_guard, nicolae_trove_entry_free_sample,
          grunt_livestock, kennysheep_nondescript
IceCv:    ice_cave_statue_garden_transporter

Skill      XL: |  1  2  3  4  5  6  7  8  9 10 11 |
---------------+----------------------------------+-----
Axes           | 2 3 4 6 8 10 | 10.6
Armour         | 1 2 3 4 5 6 |  6.0
Shields        | 1 2 3 4 5 6 7 |  7.2
Fighting       | 3 4 5 6 7 8 |  8.3
Dodging        | 2 3 4 |  4.5
Invocations    | 2 3 |  3.0
Evocations     | 2 |  2.6
Throwing       | |  0.8
Spellcasting   | |  2.0
Translocations | |  2.6

Action                   |  1- 3 |  4- 6 |  7- 9 | 10-12 || total
-------------------------+-------+-------+-------+-------++-------
Melee: Hand axe          |   139 |   313 |   301 |       ||   753
       Kick              |       |    49 |    77 |       ||   126
       Dagger            |       |     6 |       |       ||     6
       War axe           |       |       |   201 |   354 ||   555
Throw: Tomahawk          |     1 |     6 |       |       ||     7
       Stone             |       |     1 |       |       ||     1
       Javelin           |       |       |       |     1 ||     1
 Cast: Blink             |       |       |     1 |       ||     1
Invok: Heroism           |       |       |    14 |    11 ||    25
       Finesse           |       |       |       |     2 ||     2
Evoke: Wand              |       |       |     3 |     6 ||     9
  Use: Potion            |     4 |     2 |     2 |     1 ||     9
       Scroll            |       |       |     4 |    13 ||    17
 Stab: Confused          |       |       |     1 |       ||     1
  Eat: Chunk             |     1 |    12 |    10 |     9 ||    32
       Ration            |     1 |       |     2 |     2 ||     5
Armor: Leather armour    |    33 |     2 |       |       ||    35
       Scale mail        |       |   117 |   111 |    12 ||   240
       Skin              |       |    17 |       |       ||    17
       Ring mail         |       |       |    20 |    50 ||    70
Dodge: Dodged            |    95 |   124 |   189 |   168 ||   576
Block: Shield            |     8 |   142 |   213 |   148 ||   511

Table legend:
 A = Spawn XP
 B = Non-spawn XP
 C = Spawn XP percentage of total XP
 D = Spawn monster count
 E = Non-spawn monster count
 F = Spawn count percentage of total count
 G = Total turns spent on level
                    A         B        C        D         E        F      G
               +---------+---------+-------+---------+---------+-------+---------
         Total |       0 |   16055 |   0.0 |       0 |     248 |   0.0 | 15764
               +---------+---------+-------+---------+---------+-------+---------
           D:1 |       0 |      30 |   0.0 |       0 |      22 |   0.0 |  1758
           D:2 |       0 |     158 |   0.0 |       0 |      25 |   0.0 |  1577
           D:3 |       0 |     111 |   0.0 |       0 |      16 |   0.0 |  1307
           D:4 |       0 |    1540 |   0.0 |       0 |      34 |   0.0 |  2931
           D:5 |       0 |     613 |   0.0 |       0 |      18 |   0.0 |  1019
           D:6 |       0 |    1434 |   0.0 |       0 |      20 |   0.0 |  1385
           D:7 |       0 |    1600 |   0.0 |       0 |      38 |   0.0 |   853
           D:8 |       0 |    2633 |   0.0 |       0 |      27 |   0.0 |  1245
           D:9 |       0 |     487 |   0.0 |       0 |      13 |   0.0 |  1100
          D:10 |       0 |    1775 |   0.0 |       0 |      10 |   0.0 |  1324
          D:11 |       0 |    4355 |   0.0 |       0 |      18 |   0.0 |   790
         IceCv |       0 |    1319 |   0.0 |       0 |       7 |   0.0 |   475
               +---------+---------+-------+---------+---------+-------+---------

Vault maps used:
D:1:      sevenhm_arrival_forest_fort_large_4, kennysheep_crisscross
D:2:      minitemple, lemuel_doored_altar, okawaru_ov_weapons_minmay,
          uniq_terence, uniq_natasha
D:3:      old_standard_altar, serial_bayou, serial_bayou_lagoon_a,
          serial_bayou_pond_a, serial_bayou_lagoon_b, serial_bayou_pond_a
D:4:      cheibrodos_barr_body, led_sif_book, nicolae_qazlal_eye_of_the_storm,
          uniq_ijyb, uniq_blork_the_orc
D:5:      minmay_temple_entry_hall, first_ration, minmay_misc_feat_columns,
          uniq_eustachio, uniq_pikel
D:6:      serial_shops, shop_scrolls, item_on_display_a
D:7:      vehumet_statue, kennysheep_mini, kennysheep_mini_moat,
          lemuel_coloured_pillars_altar, nicolae_overflow_hidden_temple
D:8:      old_standard_altar, serial_glass, glass_columns_a, glass_columns_a,
          glass_columns_a, glass_columns_c, serial_shops,
          nicolae_shop_behind_doors, nicolae_dithmenos_shadow_blocks,
          uniq_prince_ribbit1, uniq_grum, uniq_psyche
D:9:      evilmike_ruin_ashenzari, minmay_strange_pillars
D:10:     lair_entry_dummy
D:11:     portal_ice_cave_demonic_guard, nicolae_trove_entry_free_sample,
          grunt_livestock, kennysheep_nondescript
IceCv:    ice_cave_statue_garden_transporter
